 Dungeon Crawl Stone Soup version 0.28-a0-563-gf77a47075d (webtiles) character file.

Game seed: 14887224993733482028

213 Shayle the Skirmisher (level 5, -1/55 HPs)
             Began as an Ogre Warper on Sept 29, 2021.
             Succumbed to a scorpion's poison
             ... on level 4 of the Dungeon.
             The game lasted 00:10:33 (3331 turns).

Shayle the Skirmisher (Ogre Warper)                 Turns: 3331, Time: 00:10:34

Health: -1/55      AC: 10    Str: 15    XL:     5   Next: 90%
Magic:  8/8        EV: 10    Int: 15    God:
Gold:   83         SH:  0    Dex:  8    Spells: 1/8 levels left

rFire   . . .      SeeInvis .   g - +3 dagger (protect)
rCold   . . .      Faith    .   (no shield)
rNeg    . . .      Spirit   .   b - +0 robe
rPois   .          Reflect  .   (helmet restricted)
rElec   .          Harm     .   (no cloak)
rCorr   .          Rampage  .   (gloves unavailable)
Will    .....                   (boots unavailable)
Stlth   +.........              (no amulet)
HPRegen 0.18/turn               (no ring)
MPRegen 0.11/turn               (no ring)

@: lethally poisoned (-1 -> -21), under a protective aura
A: large, unfitting armour, tough skin 1
a: no special abilities


You were on level 4 of the Dungeon.
You visited 1 branch of the dungeon, and saw 4 of its levels.

You collected 83 gold pieces.

Inventory:

Hand Weapons
 a - a +0 spear
 g - a +3 dagger of protection (weapon)
Missiles
 d - 4 boomerangs of dispersal (quivered)
 e - 2 boomerangs
Armour
 b - a +0 robe (worn)
Scrolls
 c - a scroll of blinking
 f - 2 scrolls of fear {unknown}
 i - 2 scrolls of teleportation {unknown}
 j - a scroll of magic mapping {unknown}
Potions
 h - 2 potions of curing {unknown}
 k - a potion of berserk rage {unknown}
 l - 2 potions of degeneration {unknown}


   Skills:
 + Level 4.7 Fighting
 + Level 3.6 Polearms
 - Level 1.0 Throwing
 + Level 3.4 Dodging
 - Level 2.4 Spellcasting
 + Level 1.1 Summonings
 - Level 2.6 Translocations


You had one spell level left.
You knew the following spells:

 Your Spells              Type           Power      Damage    Failure   Level
a - Blink                 Tloc           N/A        N/A       11%         2
b - Teleport Other        Tloc           9%         N/A       22%         3
c - Call Imp              Summ           5%         N/A       21%         2

Your spell library contained the following spells:

 Spells                   Type           Power      Damage    Failure   Level
 Magic Dart               Conj           4%         1d3       22%         1
 Gell's Gravitas          Tloc           4%         N/A       22%         3
 Lesser Beckoning         Tloc           9%         N/A       22%         3
 Frozen Ramparts          Ice            2%         1d2       54%         3
 Mephitic Cloud           Conj/Pois/Air  1%         N/A       54%         3
 Summon Ice Beast         Ice/Summ       3%         N/A       86%         4
 Manifold Assault         Tloc           9%         N/A       89%         5
 Ice Form                 Ice/Tmut       1%         N/A       91%         4


Dungeon Overview and Level Annotations

Branches:
Dungeon (4/15)
 Temple: D:4-7

Altars:

Shops:
D:2 [

Annotations:
D:3 2 runed translucent doors, Shayle's ghost, amateur OgWr


Innate Abilities, Weirdness & Mutations

You are too large for most types of armour.
You have tough skin. (AC +1)


Message History

The scorpion stings you.
You are more poisoned.
The scorpion poisons you!
You hit the scorpion.
The scorpion is severely wounded.
You feel very sick.
The scorpion stings you but does no damage.
Unknown command.
You closely miss the scorpion.
The scorpion is severely wounded.
You feel sick. The scorpion stings you.
You are more poisoned.
The scorpion poisons you!
You barely miss the scorpion.
The scorpion is severely wounded.
You feel very sick. The scorpion stings you!
Unknown command.
You hit the scorpion.
The scorpion is almost dead.
You feel very sick. The scorpion closely misses you.
Unknown command.
You hit the scorpion.
The scorpion is almost dead.
You feel very sick. The scorpion stings you.
* * * LOW HITPOINT WARNING * * *
The scorpion stings you but does no damage.
You closely miss the scorpion.
The scorpion is almost dead.
* * * LOW HITPOINT WARNING * * *
You feel very sick. The scorpion stings you.
* * * LOW HITPOINT WARNING * * *
You are more poisoned.
The scorpion poisons you!
You barely miss the scorpion.
The scorpion is almost dead.
You die...

#........# .....
#........# ..... #.
#........####+#....
#.. #..<...........#
#... ..............#
#...######+##...†..#
............#......#
............#......#
.......s@...#.....##
............#.....#
............#.....#
#...####'####.....#
#.. #.............#
#. #........######
#........#
#........#
#........#


You could see a scorpion.

Vanquished Creatures
  An orc priest (D:4)
  An orc wizard (D:4)
  Robin (D:2)
  5 adders
  An ufetubus (D:4)
  2 dart slugs
  A worm (D:2)
  4 orcs
  3 endoplasms
  3 giant cockroaches (D:2)
  18 goblins
  3 hobgoblins
  3 jackals (D:1)
  2 quokkas (D:2)
  5 ball pythons
  4 bats
  4 frilled lizards
  9 kobolds
  8 rats
  A spectral goblin (D:1)
79 creatures vanquished.

Vanquished Creatures (collateral kills)
  An adder (D:3)
1 creature vanquished.

Grand Total: 80 creatures vanquished

Notes
Turn   | Place    | Note
-------+----------+-------------------------------------------
     0 | D:1      | Shayle the Ogre Warper began the quest for the Orb.
     0 | D:1      | Reached XP level 1. HP: 22/22 MP: 3/3
    28 | D:1      | Found a faded altar of an unknown god.
    89 | D:1      | Reached skill level 3 in Fighting
   226 | D:1      | Reached XP level 2. HP: 30/31 MP: 5/5
   524 | D:1      | Reached XP level 3. HP: 34/37 MP: 6/6
  1049 | D:2      | Reached XP level 4. HP: 43/48 MP: 7/7
  1106 | D:2      | Found Tashuall's Antique Armour Shop.
  1265 | D:2      | Reached skill level 4 in Fighting
  1477 | D:2      | Noticed Robin
  1509 | D:2      | Killed Robin
  1880 | D:3      | Learned a level 2 spell: Blink
  1884 | D:3      | Learned a level 3 spell: Teleport Other
  1887 | D:3      | Learned a level 2 spell: Call Imp
  2007 | D:3      | Found a runed translucent door.
  2007 | D:3      | Noticed Shayle's ghost (amateur OgWr)
  2074 | D:3      | Found a runed translucent door.
  2633 | D:3      | Reached XP level 5. HP: 50/55 MP: 6/8
  3200 | D:4      | Reached skill level 1 in Summonings
  3331 | D:4      | Succumbed to a scorpion's poison

Illustrated notes

Levels and vault maps discovered:
D:1:      nicolae_arrival_memento_mori, layout_rooms,
          dreamdust_ecumenical_altar_drowned_temple, lemuel_flame_loot_1
D:2:      layout_basic, serial_shops, shop, uniq_robin
D:3:      layout_basic, serial_curves, eino_curves_03, eino_curves_03,
          ebering_ghost_sewer_f
D:4:      cheibrodos_pilgrimage, layout_gridville, kennysheep_generic_room_10

Skill      XL: |  1  2  3  4  5 |
---------------+----------------+-----
Fighting       | 3 4 |  4.7
Polearms       | 3 |  3.6
Dodging        | 3 |  3.4
Summonings     | 1 |  1.1
Throwing       | |  1.0
Spellcasting   | |  2.4
Translocations | |  2.6

Action                   |  1- 3 |  4- 6 || total
-------------------------+-------+-------++-------
Melee: Spear             |    34 |       ||    34
       Dagger            |    96 |   215 ||   311
Throw: Boomerang         |     1 |       ||     1
 Cast: Call Imp          |       |     2 ||     2
Armor: Robe              |    43 |   102 ||   145
Dodge: Dodged            |    56 |   115 ||   171

Table legend: (Time is in decaauts)
 A = Elapsed time spent in this place.
 B = Non-inter-level travel time spent in this place.
 C = Inter-level travel time spent in this place.
 D = Time resting spent in this place.
 E = Time spent auto-exploring this place.
 F = Levels seen in this place.
 G = Mean time per level.
                   A        B        C        D        E       F      G
               +--------+--------+--------+--------+--------+-----+--------+
         Total |   3338 |   3287 |     51 |    453 |   1894 |   4 |  834.5 |
       Dungeon |   3338 |   3287 |     51 |    453 |   1894 |   4 |  834.5 |
               +--------+--------+--------+--------+--------+-----+--------+

Top non-repeatable levels by time:
     D:2: 962 daAuts
     D:3: 921 daAuts
     D:1: 848 daAuts
     D:4: 606 daAuts
